 Dungeon Crawl Stone Soup version 0.29.1-15-g9cfb28693d (webtiles) character file.

Game seed: 11662482926159539517

84 Hugehornet the Chopper (level 4, -9/28 HPs)
             Began as a Gargoyle Fighter on Mar 22, 2023.
             Engulfed by a cloud of flame (18 damage)
             ... on level 3 of the Dungeon.
             The game lasted 00:03:04 (2349 turns).

Hugehornet the Chopper (Gargoyle Fighter)           Turns: 2349, Time: 00:03:04

Health: -9/28      AC: 10    Str: 20    XL:     4   Next: 46%
Magic:  4/4        EV:  9    Int: 10    God:
Gold:   129        SH:  4    Dex:  9    Spells: 3/3 levels left

rFire   . . .      SeeInvis .   a - +0 war axe
rCold   . . .      Faith    .   c - +0 buckler
rNeg    + . .      Spirit   .   b - +0 scale mail
rPois   ∞          Reflect  .   (no helmet)
rElec   +          Harm     .   (no cloak)
rCorr   .          Rampage  .   (no gloves)
Will    .....                   (no boots)
Stlth   ..........              (no amulet)
HPRegen 0.09/turn               (no ring)
MPRegen 0.09/turn               (no ring)

@: no status effects
A: sickness immunity, AC +3, negative energy resistance 1, electricity
resistance, torment resistance 1, petrification resistance
a: no special abilities


You were on level 3 of the Dungeon.
You visited 1 branch of the dungeon, and saw 3 of its levels.

You collected 129 gold pieces.

Inventory:

Hand Weapons
 a - a +0 war axe (weapon)
Armour
 b - a +0 scale mail (worn)
 c - a +0 buckler (worn)
Jewellery
 l - a ring of resist corrosion
 n - a ring of willpower
Scrolls
 f - 2 scrolls of identify {unknown}
 h - a scroll of vulnerability {unknown}
 k - 2 scrolls of blinking {unknown}
 m - a scroll of amnesia {unknown}
Potions
 d - a potion of might
 e - 2 potions of heal wounds {unknown}
 g - a potion of attraction {unknown}
 i - a potion of curing {unknown}
 j - 2 potions of mutation {unknown}


   Skills:
 - Level 3.3 Fighting
 + Level 4.1 Axes
 - Level 3.3 Armour
 - Level 3.3 Shields


You had 3 spell levels left.
You didn't know any spells.
Your spell library contained the following spells:

 Spells                   Type           Power      Damage    Failure   Level
 Apportation              Tloc           0%         N/A       80%         1
 Necrotise                Necr           0%         1d4       80%         1
 Summon Small Mammal      Summ           0%         N/A       80%         1
 Gell's Gravitas          Tloc           0%         N/A       99%         3
 Teleport Other           Tloc           0%         N/A       99%         3
 Dispersal                Tloc           0%         N/A       100%        6


Dungeon Overview and Level Annotations

Branches:
Dungeon (3/15)

Altars:

Shops:
D:2 (


Innate Abilities, Weirdness & Mutations

You are immune to sickness and miasma.
Your stone body is resilient. (AC +3)
You are immune to poison.
You resist negative energy. (rN+)
You are resistant to electric shocks. (rElec)
You are resistant to unholy torment.
You are immune to petrification.


Message History

The ball python hisses angrily.
Found a metallic pink potion.
The ball python bites you but does no damage.
The ball python barely misses you.
You slash the ball python!
You kill the ball python!
No target in view!
No target in view!
j - 2 metallic pink potions (gained 1)
k - 2 scrolls labelled EWURPHU BUSARI (gained 1)
A giant cockroach comes into view.
Found 6 stones and 40 gold pieces.
A giant cockroach is nearby!
A giant cockroach is nearby!
Unknown command.
The giant cockroach is engulfed in blazing flames.
The giant cockroach dies!
Unknown command.
Really walk into a travel-excluded area?
Really walk into that cloud of flame?
You are engulfed in blazing flames.
Ouch! That really hurt!
You see here a ring of willpower.
There are no items here.
There are no items here.
You start resting.
HP restored.
You now have 103 gold pieces (gained 14).
You now have 118 gold pieces (gained 15).
You now have 129 gold pieces (gained 11).
Really walk into a travel-excluded area?
Really walk into that cloud of flame?
Okay, then.
Really walk into that cloud of flame?
You are engulfed in blazing flames.
Ouch! That really hurt!
n - a ring of willpower You are engulfed in blazing flames.
Ouch! That really hurt!
You die...

########## ##........##
#...#####..# #☼§§# ##.#
#○§.# ##.# #○§§#
#..##########
######..(#####.....#.....##
#.§☼○.....@○○.............#
....§○.....°§§..............
...☼§§.....§§§..............
..#####...#####.............
. #§§○# #............. #°§☼#
#............. #☼○§#
#............. #...#
#............# ##...
#...........##


There were no monsters in sight!

Vanquished Creatures
  A gnoll (D:1)
  4 adders
  2 bats
  3 endoplasms
  A goblin (D:1)
  6 hobgoblins (D:1)
  4 jackals (D:1)
  4 kobolds
  2 quokkas
  6 ball pythons
  A frilled lizard (D:3)
  3 rats
37 creatures vanquished.

Vanquished Creatures (others)
  A giant cockroach (D:3)
1 creature vanquished.

Grand Total: 38 creatures vanquished

Notes
Turn   | Place    | Note
-------+----------+-------------------------------------------
     0 | D:1      | Hugehornet the Gargoyle Fighter began the quest for the
                  | Orb.
     0 | D:1      | Reached XP level 1. HP: 14/14 MP: 1/1
   172 | D:1      | Reached skill level 2 in Axes
   363 | D:1      | Reached XP level 2. HP: 19/19 MP: 2/2
   717 | D:1      | Reached skill level 3 in Axes
   717 | D:1      | Reached XP level 3. HP: 19/23 MP: 3/3
  1430 | D:2      | Reached XP level 4. HP: 25/28 MP: 4/4
  1567 | D:2      | Found Suhyr's Weapon Shop.
  1698 | D:2      | Found a faded altar of an unknown god.
  1943 | D:3      | Reached skill level 4 in Axes
  2349 | D:3      | Engulfed by a cloud of flame

Illustrated notes

Levels and vault maps discovered:
D:1:      matt_arrival_spirals, layout_loops_ring, kennysheep_pointless_box,
          grunt_decor_arrowhead, ebering_dispersal_statue_hall
D:2:      layout_loops_ring, serial_shops, nicolae_shop_bloodbath_and_beyond,
          dreamdust_ecumenical_altar_angels_and_demons
D:3:      layout_rooms, chequers_serial_rivers_room_a, lemuel_flame_loot_1

Skill      XL: |  1  2  3  4 |
---------------+-------------+-----
Axes           | 2 3 4 |  4.1
Fighting       | |  3.3
Armour         | |  3.3
Shields        | |  3.3

Action                   |  1- 3 |  4- 6 || total
-------------------------+-------+-------++-------
Melee: War axe           |    92 |    38 ||   130
Armor: Scale mail        |    68 |    17 ||    85
Dodge: Dodged            |    48 |    24 ||    72
Block: Buckler           |    25 |    10 ||    35
